 Dungeon Crawl Stone Soup version 0.18.1-50-g88ac8fd (console) character file.

746 Kloppie the Poker (level 7, -4/48 HPs)
             Began as a Merfolk Ice Elementalist on Oct 13, 2016.
             Hit by a stone thrown by an orc warrior (8 damage)
             ... on level 6 of the Dungeon.
             The game lasted 00:10:00 (3553 turns).

Kloppie the Poker (Merfolk Ice Elementalist)        Turns: 3553, Time: 00:10:00

Health: -4/48      AC:  3    Str:  8    XL:     7   Next: 77%
Magic:  4/10       EV: 13    Int: 16    God:
Gold:   25         SH:  0    Dex: 15    Spells: 2 memorised, 5 levels left

rFire  . . .     SeeInvis +     a - +0 trident
rCold  . . .     Gourm    .     d - +0 robe
rNeg   . . .     Faith    .     (no shield)
rPois  +         Spirit   .     (no helmet)
rElec  .         Dismiss  .     (no cloak)
rCorr  .         Reflect  .     j - +0 pair of gloves
SustAt .         Harm     .     (no boots)
MR     .....                    (no amulet)
Stlth  ++........               i - ring of poison resistance
                                n - ring of see invisible

@: not resistant to hostile enchantments, unstealthy
A: change form in water, swift swim
a: no special abilities


You were on level 6 of the Dungeon.
You were hungry.

You visited 1 branch of the dungeon, and saw 6 of its levels.

You collected 195 gold pieces.
You spent 170 gold pieces at shops.

Inventory:

Hand Weapons
 a - a +0 trident (weapon)
Armour
 d - a +0 robe (worn)
 j - a +0 pair of gloves (worn)
Jewellery
 h - an uncursed ring of sustain attributes
 i - a ring of poison resistance (right hand)
 n - a ring of see invisible (left hand)
Wands
 f - a wand of lightning (0/15)
 w - a wand of paralysis (20/24)
Scrolls
 e - 3 scrolls of remove curse {unknown}
 g - a scroll of fear {unknown}
 k - 2 scrolls of amnesia {unknown}
 m - a scroll of fog {unknown}
 p - a scroll of noise {unknown}
 r - a scroll of identify
 s - 2 scrolls of teleportation {unknown}
 u - 2 scrolls of recharging {unknown}
 v - a scroll of immolation {unknown}
Potions
 l - a potion of curing
 o - a potion of heal wounds
 t - 2 potions of brilliance
 z - a potion of cancellation {unknown}
Books
 b - a book of Frost

   Spells                             Type                      Level
   a - Freeze                         Ice                          1
   b - Throw Frost                    Conjuration/Ice              2
   c - Ozocubu's Armour               Charms/Ice                   3
   d - Throw Icicle                   Conjuration/Ice              4
   e - Summon Ice Beast               Ice/Summoning                4
 q - the Catalogue of the Ditch-Digger
   (You found it on level 5 of the Dungeon)

   Spells                             Type                      Level
   a - Leda's Liquefaction            Hexes/Earth                  4
   b - Lightning Bolt                 Conjuration/Air              5
   c - Conjure Ball Lightning         Conjuration/Air              6
Comestibles
 c - 4 bread rations


   Skills:
 - Level 1.4 Fighting
 - Level 7.6 Polearms
 + Level 3.2 Dodging
 - Level 2.1 Stealth
 - Level 2.0 Spellcasting
   Level 0.7 Conjurations
 - Level 3.6 Summonings
 + Level 5.8 Ice Magic


You had 5 spell levels left.
You knew the following spells:

 Your Spells              Type           Power        Failure   Level  Hunger
a - Freeze                Ice            ###.         1%          1    #......
b - Summon Ice Beast      Ice/Summ       ###.....     34%         4    #####..


Dungeon Overview and Level Annotations

Branches:
Dungeon (6/15)
 Temple: D:4-7

Altars:
Ashenzari
Elyvilon

Shops:
D:6 *

Annotations:
D:3 sheala's ghost, weakling DEFE
D:4 sheala's ghost, weakling DEFE


Message History

The orc warrior throws a stone.
The stone hits your ice beast.
The orc warrior throws a stone.
The stone misses your ice beast. The stone hits you!
* * * LOW HITPOINT WARNING * * *
The orc warrior throws a stone.
The stone hits your ice beast.
Your ice beast hits the orc warrior but does no damage.
The orc warrior throws a stone.
The stone hits your ice beast!
Your ice beast hits the orc warrior but does no damage.
The orc hits your ice beast but does no damage.
You are feeling hungry.
The orc warrior throws a stone.
The stone hits your ice beast.
Your ice beast hits the orc warrior but does no damage.
The orc closely misses your ice beast.
The orc warrior throws a stone.
The stone barely misses your ice beast. The stone barely misses you.
Your ice beast hits the orc warrior but does no damage.
The orc barely misses your ice beast.
The orc warrior throws a stone.
The stone barely misses your ice beast. The stone hits you!
You die...

. .. ... ### ##### .... #..
...# #####
.....##.#####.####...#
.........@(.Yo...'...+
###.##.#####o####...#####
####### #.#####.# #........
#.....# #)....#(####....###.
#.....#+######.#..((%..#.....
#..........# #.#######o#####.
#..........# #.# ?... ..#
#..........# #.# ##.#..# #.#
#.....#'#### #.# #.#..#


You could see an orc warrior, an orc and a friendly ice beast.

Vanquished Creatures
  Purgy (D:3)
  2 ogres (D:4)
  A centaur (D:6)
  A giant frog (D:6)
  2 orc priests (D:5)
  A giant frog skeleton (D:4)
  2 hounds
  2 worker ants
  A hound zombie (D:5)
  3 adders
  2 shadow imps
  A worm (D:2)
  A dart slug (D:3)
  A giant gecko (D:1)
  6 orcs
  5 giant cockroaches
  2 goblins
  3 hobgoblins
  A quokka (D:5)
  A ball python (D:1)
  5 bats
  A giant newt (D:2)
  4 kobolds
  4 rats
53 creatures vanquished.

Vanquished Creatures (collateral kills)
  A giant frog skeleton (D:5)
  A killer bee zombie (D:5)
2 creatures vanquished.

Grand Total: 55 creatures vanquished

Notes
Turn   | Place    | Note
--------------------------------------------------------------
     0 | D:1      | Kloppie the Merfolk Ice Elementalist began the quest for the Orb.
     0 | D:1      | Reached XP level 1. HP: 13/13 MP: 3/3
   313 | D:1      | Reached skill level 1 in Fighting
   415 | D:1      | Reached XP level 2. HP: 15/21 MP: 5/5
   609 | D:2      | Reached skill level 1 in Polearms
   796 | D:2      | Reached XP level 3. HP: 18/26 MP: 4/6
  1103 | D:2      | Found a shattered altar of Ashenzari.
  1371 | D:3      | Reached skill level 2 in Polearms
  1489 | D:3      | Noticed Purgy
  1503 | D:3      | Killed Purgy
  1503 | D:3      | Reached skill level 4 in Polearms
  1503 | D:3      | Reached XP level 4. HP: 19/32 MP: 2/7
  1503 | D:3      | Reached XP level 5. HP: 22/37 MP: 2/8
  1553 | D:3      | Reached skill level 5 in Ice Magic
  1733 | D:3      | Noticed sheala's ghost (weakling DEFE)
  1788 | D:4      | Noticed sheala's ghost (weakling DEFE)
  1790 | D:4      | Learned a level 4 spell: Summon Ice Beast
  1791 | D:4      | Noticed an ogre
  1816 | D:4      | Killed an ogre
  1816 | D:4      | Reached skill level 5 in Polearms
  1816 | D:4      | Reached XP level 6. HP: 43/43 MP: 1/9
  2079 | D:4      | Reached skill level 6 in Polearms
  2079 | D:4      | Reached skill level 1 in Summonings
  2439 | D:5      | Entered Level 5 of the Dungeon
  2575 | D:5      | Reached XP level 7. HP: 46/48 MP: 8/10
  2860 | D:5      | Identified the Catalogue of the Ditch-Digger
  2868 | D:5      | Found a white marble altar of Elyvilon.
  2914 | D:5      | Reached skill level 7 in Polearms
  3172 | D:6      | Found Caxadgh's Assorted Antiques.
  3180 | D:6      | Bought a scroll labeled DIUNELO SEXUD for 25 gold pieces
  3180 | D:6      | Bought a scroll labeled XESTREA BE TUXI for 25 gold pieces
  3180 | D:6      | Bought a scroll labeled FUXI SOVVUOTZ for 25 gold pieces
  3180 | D:6      | Bought a scroll labeled MON WAMNIJENKOCS for 25 gold pieces
  3180 | D:6      | Bought a scroll labeled XESTREA BE TUXI for 25 gold pieces
  3180 | D:6      | Bought 2 gluggy blue potions for 45 gold pieces
  3553 | D:6      | Hit by a stone thrown by an orc warrior

Skill      XL: |  1  2  3  4  5  6  7 |
---------------+----------------------+-----
Fighting       | 1 |  1.4
Polearms       | 1 4 5 6 7 |  7.6
Ice Magic      | 4 5 |  5.8
Summonings     | 2 3 |  3.6
Dodging        | 3 |  3.2
Stealth        | |  2.1
Spellcasting   | |  2.0
Conjurations   | |  0.7

Action                   |  1- 3 |  4- 6 |  7- 9 || total
-------------------------+-------+-------+-------++-------
Melee: Dagger            |    12 |       |       ||    12
       Spear             |    97 |    40 |       ||   137
       Trident           |       |    19 |    42 ||    61
 Cast: Freeze            |    22 |    27 |    25 ||    74
       Summon Ice Beast  |       |       |     2 ||     2
Evoke: Wand              |     3 |       |       ||     3
  Use: Potion            |     2 |       |     2 ||     4
       Scroll            |       |       |     3 ||     3
 Stab: Sleeping          |     5 |     3 |     1 ||     9
  Eat: Chunk             |     2 |     3 |       ||     5
       Meat ration       |       |       |     1 ||     1
Armor: Robe              |    15 |     9 |    13 ||    37
       Skin              |     8 |       |       ||     8
Dodge: Dodged            |    63 |    35 |    75 ||   173
